 Dungeon Crawl Stone Soup version 0.31-a0-162-gc4c5a43528 (webtiles) character file.

Game seed: 16182738101614459508

93 Ijustatesigmund the Stinger (level 4, 0/28 HPs)
             Began as an Octopode Venom Mage on June 13, 2023.
             Killed from afar by an orc wizard (7 damage)
             ... with a magic dart
             ... on level 3 of the Dungeon.
             The game lasted 00:04:05 (2641 turns).

Ijustatesigmund the Stinger (Octopode Venom Mage)   Turns: 2641, Time: 00:04:05

Health: 0/28       AC:  1    Str:  7    XL:     4   Next: 61%
Magic:  7/8        EV: 13    Int: 19    God:
Gold:   93         SH:  0    Dex: 12    Spells: 2/8 levels left

rFire   . . .        j - +0 dagger (venom)
rCold   . . .        (no shield)
rNeg    . . .        (helmet restricted)
rPois   .            (no amulet)
rElec   .            (no ring)
rCorr   .            (no ring)
SInv    .            (no ring)
Will    +....        (no ring)
Stlth   +++          (no ring)
HPRegen 0.24/turn    (no ring)
MPRegen 0.11/turn    (no ring)
                     (no ring)

%: no passive effects
@: enlightened, flying
A: almost no armour, amphibious, 8 rings, camouflage 1, gelatinous body 1,
(nimble swimmer 1), tentacles
a: no special abilities


You were on level 3 of the Dungeon.
You visited 1 branch of the dungeon, and saw 3 of its levels.

You collected 117 gold pieces.
You spent 24 gold pieces at shops.

Inventory:

Hand Weapons
 j - a +0 dagger of venom (weapon)
Scrolls
 b - a scroll of silence {unknown}
 e - a scroll of vulnerability {unknown}
 f - a scroll of enchant weapon {unknown}
 g - a scroll of revelation
 i - a scroll of identify
Potions
 a - a potion of magic
 c - a potion of degeneration {unknown}
 d - 2 potions of enlightenment
 h - 2 potions of curing
 k - 2 potions of cancellation {unknown}


   Skills:
 - Level 1.1 Fighting
 - Level 2.0 Dodging
 - Level 2.6 Stealth
 + Level 2.7 Spellcasting
 + Level 1.2 Conjurations
 - Level 1.0 Transmutations
 + Level 1.4 Air Magic
 + Level 4.5 Poison Magic


You had 2 spell levels left.
You knew the following spells:

 Your Spells              Type           Power      Damage    Failure   Level
a - Sting                 Tmut/Pois      52%        1d5       4%          1
b - Poisonous Vapours     Pois/Air       28%        N/A       7%          2
c - Mephitic Cloud        Conj/Pois/Air  11%        N/A       17%         3

Your spell library contained the following spells:

 Spells                   Type           Power      Damage    Failure   Level
 Olgreb's Toxic Radiance  Pois           20%        N/A       24%         4
 Ozocubu's Armour         Ice            2%         N/A       43%         3
 Metabolic Englaciation   Hex/Ice        1%         N/A       99%         5
 Simulacrum               Ice/Necr       1%         N/A       100%        6


Dungeon Overview and Level Annotations

Branches:
Dungeon (3/15)

Altars:
Uskayaw

Shops:
D:2 (?


Innate Abilities, Weirdness & Mutations

You cannot wear most types of armour.
You are amphibious.
You can wear up to eight rings at the same time.
Your skin changes colour to match your surroundings (Stealth+).
Your rubbery body absorbs attacks. (AC +1, EV +1)
((You are camouflaged when in or above water. (Stealth+)))
You have tentacles for arms and can constrict up to eight enemies at once.


Message History

Aiming: Poisonous Vapours (safe; 7% risk of failure)
Press: ? - help, Dir - move target, f - orc wizard
Aim: an orc wizard, wielding a +0 dagger and wearing a +0 robe Poisonous vapours surround the orc wizard!
The orc wizard is poisoned.
The orc wizard casts a spell.
The orc wizard flickers and vanishes!
Deactivating autopickup; reactivate with Ctrl-A.
You hear a shout!
You hear some strange, mumbled words.
You are confused.
You see here a +0 war axe.
You closely miss something.
You hear some strange, mumbled words.
You are more confused.
You bump into the rock wall.
Something hits you.
You miss something. Your squeeze misses something. Something hits you.
You're too confused to move!
Something barely misses you.
You miss something. Something hits you.
You hit something but do no damage. Something hits you.
You completely miss something. Something hits you.
You miss something. Something hits you.
You completely miss something. Something hits you.
* * * LOW HITPOINT WARNING * * *
It was a potion of enlightenment.
You feel very buoyant.
You fly up into the air.
You feel less confused. Something hits you.
* * * LOW HITPOINT WARNING * * *
It was a potion of curing.
You feel better.
You hear some strange, mumbled words.
Something tries to affect you, but you resist.
You barely miss something. Something hits you.
* * * LOW HITPOINT WARNING * * *
You miss something.
You hear some strange, mumbled words.
A magic dart appears from out of thin air!
The magic dart hits you!
You die...

#. #.......# ....##
#.##.......##.....#
#.................#
+....#............#
#....##.......####
#....##.......###
#....##...........
#..................
#....@.............
##..{##############
####. #. .. .o ...
###


There were no monsters in sight!

Vanquished Creatures
  5 adders
  A dart slug (D:1)
  An orc (D:3)
  4 ball pythons
  7 endoplasms
  3 goblins
  4 hobgoblins
  3 bats (D:1)
  7 frilled lizards
  2 kobolds
  10 rats
47 creatures vanquished.

Notes
Turn   | Place    | Note
-------+----------+-------------------------------------------
     0 | D:1      | Ijustatesigmund the Octopode Venom Mage began the quest for
                  | the Orb.
     0 | D:1      | Reached XP level 1. HP: 11/11 MP: 3/3
   509 | D:1      | Reached XP level 2. HP: 18/18 MP: 3/5
   564 | D:1      | Found a faded altar of an unknown god.
   597 | D:1      | Learned a level 2 spell: Poisonous Vapours
   652 | D:1      | Reached skill level 4 in Poison Magic
   710 | D:1      | Reached skill level 1 in Fighting
  1121 | D:1      | Reached XP level 3. HP: 14/23 MP: 1/6
  1157 | D:1      | Learned a level 3 spell: Mephitic Cloud
  1484 | D:1      | Reached skill level 1 in Air Magic
  1537 | D:2      | Found Muhassougin's Magic Scroll Boutique.
  1557 | D:2      | Bought a scroll of identify for 24 gold pieces
  1692 | D:2      | Reached XP level 4. HP: 22/28 MP: 5/7
  1948 | D:2      | Found Daoqaj's Weapon Shop.
  2068 | D:2      | Reached skill level 1 in Conjurations
  2582 | D:3      | Found a hide-covered altar of Uskayaw.
  2638 | D:3      | HP: 1/28 [something (5)]
  2641 | D:3      | Killed from afar by an orc wizard

Illustrated notes

Levels and vault maps discovered:
D:1:      denvon_arrival_planthouse, layout_loops_ring,
          shapermc_ecumenical_altar_mp_highgroup
D:2:      layout_loops_ring, serial_shops, nicolae_shop_bloodbath_and_beyond,
          shop
D:3:      layout_basic, lemuel_coloured_pillars_altar,
          nicolae_uskayaw_dance_hall, nicolae_elyvilon_temple_path

Skill      XL: |  1  2  3  4 |
---------------+-------------+-----
Poison Magic   | 4 |  4.5
Fighting       | 1 |  1.1
Air Magic      | 1 |  1.4
Conjurations   | 1 |  1.2
Dodging        | |  2.0
Stealth        | |  2.6
Spellcasting   | |  2.7
Transmutations | |  1.0

Action                     |  1- 3 |  4- 6 || total
---------------------------+-------+-------++-------
  Melee: Unarmed           |    31 |     3 ||    34
         Tentacles         |    10 |     1 ||    11
         Constrict         |     8 |     5 ||    13
         Dagger            |       |    21 ||    21
   Cast: Sting             |    33 |     7 ||    40
         Poisonous Vapours |    10 |     7 ||    17
    Use: Scroll            |     1 |       ||     1
         Potion            |       |     2 ||     2
 Armour: Skin              |       |     1 ||     1
  Dodge: Dodged            |    25 |     9 ||    34

Table legend: (Time is in decaauts)
 A = Elapsed time spent in this place.
 B = Non-inter-level travel time spent in this place.
 C = Inter-level travel time spent in this place.
 D = Time resting spent in this place.
 E = Time spent auto-exploring this place.
 F = Levels seen in this place.
 G = Mean time per level.
                   A        B        C        D        E       F      G
               +--------+--------+--------+--------+--------+-----+--------+
         Total |   2640 |   2562 |     78 |    594 |   1671 |   3 |  880.0 |
       Dungeon |   2640 |   2562 |     78 |    594 |   1671 |   3 |  880.0 |
               +--------+--------+--------+--------+--------+-----+--------+

Top non-repeatable levels by time:
     D:1: 1522 daAuts
     D:2: 936 daAuts
     D:3: 181 daAuts
